 Dungeon Crawl Stone Soup version 0.29-a0-369-gd956c00756 (webtiles) character file.

Game seed: 14878271890157047074

1980 quokkamancerX the Fighter (level 9, -1/157 HPs)
             Began as an Ogre Berserker on May 2, 2022.
             Was a Priest of Trog.
             Slain by a water moccasin (2 damage)
             ... on level 6 of the Dungeon.
             The game lasted 00:31:48 (6524 turns).

quokkamancerX the Fighter (Ogre Berserker)          Turns: 6524, Time: 00:31:49

Health: -1/157     AC:  6    Str: 27    XL:     9   Next: 20%
Magic:  9/9        EV: 10    Int:  8    God:    Trog [***...]
Gold:   284        SH:  0    Dex:  8    Spells: 8/8 levels left

rFire   . . .      SeeInvis .   c - +0 flail
rCold   . . .      Faith    .   (no shield)
rNeg    . . .      Spirit   .   b - +1 animal skin
rPois   .          Reflect  .   s - +2 hat
rElec   .          Harm     .   (no cloak)
rCorr   .          Rampage  .   (gloves unavailable)
Will    .....                   (boots unavailable)
Stlth   ..........              j - amulet of regeneration
HPRegen 1.16/turn               (no ring)
MPRegen 0.11/turn               (no ring)

@: berserking, slowed
A: large, unfitting armour, tough skin 1
a: Renounce Religion, Berserk, Trog's Hand


You were on level 6 of the Dungeon.
You worshipped Trog.
Trog was most pleased with you.
You visited 1 branch of the dungeon, and saw 7 of its levels.
You also visited: Sewer.

You collected 284 gold pieces.

Inventory:

Hand Weapons
 c - a +0 flail (weapon)
Missiles
 i - a poisoned dart (quivered)
 q - a curare-tipped dart
Armour
 b - a +1 animal skin (worn)
 s - a +2 hat (worn)
Jewellery
 j - an amulet of regeneration (around neck)
 y - a ring of willpower
Wands
 a - a wand of mindburst (11)
 o - a wand of acid (8)
Scrolls
 e - 2 scrolls of identify
 l - a scroll of immolation
 m - 3 scrolls of enchant armour
 n - a scroll of enchant weapon
 u - 2 scrolls of fog
Potions
 d - a potion of ambrosia
 f - a potion of invisibility
 g - 5 potions of curing
 r - 2 potions of flight
 t - a potion of mutation {unknown}
 v - a potion of heal wounds {unknown}
 w - a potion of resistance
 x - a potion of berserk rage {unknown}
 z - a potion of haste {unknown}
 A - a potion of lignification {unknown}


   Skills:
 + Level 11.5 Fighting
 + Level 8.1 Maces & Flails
 - Level 2.6 Dodging


You had 8 spell levels left.
You didn't know any spells.
Your spell library was empty.

Dungeon Overview and Level Annotations

Branches:
Dungeon (7/15)              Sewer (visited)
 Temple: D:4-7

Altars:
Ashenzari
Cheibriados
Fedhas
Kikubaaqudgha
Makhleb
Qazlal
Ru
Sif Muna
Vehumet
Yredelemnul

Shops:
D:7 :


Innate Abilities, Weirdness & Mutations

You are too large for most types of armour.
You have tough skin. (AC +1)


Message History

The kobold brigand barely misses you.
The wyvern bites you but does no damage.
The water moccasin closely misses you.
You climb upwards.
You feel very sick.
There is a stone staircase leading down here.
You feel better. The wyvern closely misses you.
The water moccasin completely misses you.
The kobold brigand hits you with a +0 whip.
* * * LOW HITPOINT WARNING * * *
The kobold hits you but does no damage. The wyvern closely misses you.
The water moccasin closely misses you.
The kobold hits you with a +0 short sword.
* * * LOW HITPOINT WARNING * * *
The kobold brigand hits you with a +0 whip.
* * * LOW HITPOINT WARNING * * *
A red film seems to cover your vision as you go berserk!
You feel yourself moving faster!
You feel mighty! The wyvern bites you!
* * * LOW HITPOINT WARNING * * *
The water moccasin barely misses you. The wyvern bites you!
* * * LOW HITPOINT WARNING * * *
The kobold brigand hits you with a +0 whip.
* * * LOW HITPOINT WARNING * * *
The kobold hits you but does no damage.
The water moccasin completely misses you.
The wyvern bites you but does no damage.
You are too injured to fight recklessly!
You are too berserk!
You closely miss the water moccasin.
The water moccasin bites you but does no damage.
The kobold brigand hits you with a +0 whip.
* * * LOW HITPOINT WARNING * * *
The kobold misses you. The wyvern barely misses you.
The water moccasin bites you.
* * * LOW HITPOINT WARNING * * *
You barely miss the water moccasin. The wyvern bites you.
* * * LOW HITPOINT WARNING * * *
The kobold brigand hits you but does no damage.
The kobold barely misses you. The water moccasin bites you.
You die...

##.########### #.# #.#
#.# ##.######
#.......# #..####.#
###########..####l####
..........#..#.S@K...#
.####.#.#.#..#.##K##.#
......#.........#.##.#
.###..###.........##.#
.###>.# #.#...######.#
..##..###.##.## #.#
#.##......##.# #.#
#.##.#######.# ##.##
.....# ##'## ##.#.##


You could see a water moccasin, a wyvern, a kobold brigand and a kobold.

Vanquished Creatures
  Sigmund (D:4)
  Eustachio (D:4)
  An ice beast (D:6)
  3 black bears
  An ogre (D:4)
  2 phantoms
  2 kobold brigands (Sewer)
  3 scorpions
  A howler monkey (D:5)
  2 jellies
  2 orc priests (D:5)
  2 hounds
  Jessica (D:2)
  Ijyb (D:4)
  2 iguanas
  Natasha (thrice) (D:4)
  5 orc wizards
  12 adders
  5 gnolls
  A river rat (Sewer)
  2 ufetubi
  A worm (D:3)
  2 dart slugs
  14 orcs
  2 bats
  9 endoplasms
  3 giant cockroaches
  4 goblins
  7 hobgoblins
  4 jackals
  13 kobolds
  7 quokkas
  7 ball pythons
  5 frilled lizards
  7 rats
138 creatures vanquished.

Vanquished Creatures (others)
  4 fungi (D:5)
4 creatures vanquished.

Grand Total: 142 creatures vanquished

Notes
Turn   | Place    | Note
-------+----------+-------------------------------------------
     0 | D:1      | quokkamancerX the Ogre Berserker began the quest for the
                  | Orb.
     0 | D:1      | Reached XP level 1. HP: 24/24 MP: 1/1
   158 | D:1      | Reached XP level 2. HP: 33/33 MP: 2/2
   598 | D:1      | Reached XP level 3. HP: 41/41 MP: 3/3
   746 | D:1      | Reached skill level 5 in Fighting
  1476 | D:2      | Noticed Jessica
  1490 | D:2      | Killed Jessica
  1491 | D:2      | Reached XP level 4. HP: 42/50 MP: 4/4
  1668 | D:2      | Reached ** piety under Trog
  2071 | D:3      | Found a stormy altar of Qazlal.
  2174 | D:3      | Found a radiant altar of Vehumet.
  2174 | D:3      | Found a blossoming altar of Fedhas.
  2212 | D:3      | Found a shimmering blue altar of Sif Muna.
  2758 | D:3      | Found a burning altar of Makhleb.
  2767 | D:3      | Found a basalt altar of Yredelemnul.
  2891 | D:4      | Found a glowing drain.
  2893 | D:4      | Noticed a black bear
  2906 | D:4      | Killed a black bear
  2907 | D:4      | Reached skill level 6 in Fighting
  2907 | D:4      | Reached XP level 5. HP: 61/61 MP: 5/5
  2914 | D:4      | Reached XP level 6. HP: 68/68 MP: 6/6
  3016 | D:4      | Noticed a black bear
  3026 | D:4      | Killed a black bear
  3027 | D:4      | Reached skill level 7 in Fighting
  3027 | D:4      | Reached skill level 5 in Maces & Flails
  3060 | Sewer    | Entered a sewer
  3170 | Sewer    | Reached XP level 7. HP: 67/79 MP: 7/7
  3271 | Sewer    | Found a glowing silver altar of Zin.
  3396 | D:4      | Reached skill level 8 in Fighting
  3456 | D:4      | Noticed Ijyb
  3490 | D:4      | Killed Ijyb
  3580 | D:4      | Found a snail-covered altar of Cheibriados.
  3707 | D:4      | Found a sacrificial altar of Ru.
  3707 | D:4      | Noticed Eustachio
  3719 | D:4      | Killed Eustachio
  3723 | D:4      | Reached skill level 9 in Fighting
  3723 | D:4      | Reached XP level 8. HP: 92/92 MP: 8/8
  3811 | D:4      | Noticed Sigmund
  3817 | D:4      | Killed Sigmund
  3910 | D:4      | Noticed Natasha
  3931 | D:4      | Killed Natasha
  4124 | D:4      | Found a sacrificial altar of Ru.
  4178 | D:4      | Noticed Natasha
  4183 | D:4      | Killed Natasha
  4264 | D:4      | Found a snail-covered altar of Cheibriados.
  4264 | D:4      | Noticed Natasha
  4270 | D:4      | Killed Natasha
  4314 | D:5      | Entered Level 5 of the Dungeon
  4366 | D:5      | Reached skill level 10 in Fighting
  4430 | D:5      | Reached *** piety under Trog
  4786 | D:5      | Reached skill level 11 in Fighting
  4786 | D:5      | Reached XP level 9. HP: 105/105 MP: 9/9
  4838 | D:5      | Found an ancient bone altar of Kikubaaqudgha.
  4972 | D:5      | Found a broken altar of Ashenzari.
  6359 | D:7      | Found Oto Xal's Book Shop.
  6523 | D:6      | HP: 7/157 [kobold brigand/+0 whip (5)]
  6524 | D:6      | HP: 1/157 [wyvern (6)]
  6524 | D:6      | Slain by a water moccasin

Illustrated notes

Levels and vault maps discovered:
D:1:      dpeg_arrival_fog, layout_loops_ring
D:2:      layout_rooms, uniq_jessica
D:3:      layout_loops_ring, mainiacjoe_overflow_catwalk,
          mainiacjoe_overflow_boulevard, amethyst_overflow_temple_binary,
          mainiacjoe_overflow_divided_tiny, minmay_starry_boxes
D:4:      layout_rooms, lemuel_round_altar, cheibriados_altar_1,
          gup_sewer_entry_glass, uniq_eustachio, uniq_sigmund, uniq_ijyb,
          uniq_natasha
D:5:      layout_loops_ring, old_standard_altar, mainiacjoe_overflow_alcove_4,
          dreamdust_princess_corridor
D:6:      layout_loops_corners
D:7:      layout_rooms, minmay_temple_entry_stoned_glass, enter_ossuary_1,
          nicolae_stop_n_shop_2, minmay_misc_feat_cross,
          corexii_item_surrounded_by_moat, hangedman_decor_push

Skill      XL: |  1  2  3  4  5  6  7  8  9 |
---------------+----------------------------+-----
Maces & Flails | 3 4 5 6 7 8 |  8.1
Fighting       | 5 6 7 9 11 | 11.5
Dodging        | |  2.6

Action                   |  1- 3 |  4- 6 |  7- 9 || total
-------------------------+-------+-------+-------++-------
Melee: Mace              |    90 |   113 |   214 ||   417
       Punch             |       |     1 |     2 ||     3
       Unarmed           |       |       |    13 ||    13
       Flail             |       |       |    31 ||    31
Throw: Stone             |     2 |       |       ||     2
       Dart              |       |     6 |    12 ||    18
Invok: Berserk           |     5 |     4 |    13 ||    22
  Use: Scroll            |       |       |    12 ||    12
       Potion            |       |       |     1 ||     1
 Stab: Sleeping          |       |     2 |       ||     2
Armor: Animal skin       |    35 |    32 |    64 ||   131
       Skin              |       |       |     1 ||     1
Dodge: Dodged            |    36 |    42 |   121 ||   199

Table legend: (Time is in decaauts)
 A = Elapsed time spent in this place.
 B = Non-inter-level travel time spent in this place.
 C = Inter-level travel time spent in this place.
 D = Time resting spent in this place.
 E = Time spent auto-exploring this place.
 F = Levels seen in this place.
 G = Mean time per level.
                   A        B        C        D        E       F      G
               +--------+--------+--------+--------+--------+-----+--------+
         Total |   6843 |   6538 |    305 |   1286 |   3583 |   8 |  855.4 |
       Dungeon |   6493 |   6188 |    305 |   1216 |   3454 |   7 |  927.6 |
         Sewer |    350 |    350 |      0 |     69 |    129 |   1 |  350.0 |
               +--------+--------+--------+--------+--------+-----+--------+

Top non-repeatable levels by time:
     D:1: 1247 daAuts
     D:4: 1145 daAuts
     D:5: 1131 daAuts
     D:6: 1080 daAuts
     D:3: 1014 daAuts
     D:2: 805 daAuts
   Sewer: 350 daAuts
     D:7: 68 daAuts
